 Dungeon Crawl Stone Soup version 0.21.0 (webtiles) character file.

574 Hekarica the Covert (level 7, -4/37 HPs)
             Began as a Vine Stalker Assassin on May 19, 2018.
             Slain by an orc warrior
             ... wielding a +0 battleaxe
              (9 damage)
             ... on level 4 of the Dungeon.
             The game lasted 00:30:22 (3249 turns).

Hekarica the Covert (Vine Stalker Assassin)         Turns: 3249, Time: 00:30:22

Health: -4/37      AC:  4    Str: 18    XL:     7   Next: 34%
Magic:  0/8        EV:  8    Int: 11    God:
Gold:   179        SH:  7    Dex: 16    Spells: 6/6 levels left

rFire    + . .     SeeInvis .   a - +2 dagger
rCold    . . .     Gourm    .   l - +0 shield
rNeg     . . .     Faith    .   x - +0 leather armour
rPois    .         Spirit   +   (no helmet)
rElec    .         Reflect  .   d - +0 cloak
rCorr    .         Harm     .   (no gloves)
MR       .....                  (no boots)
Stlth    ++++......             (no amulet)
HPRegen  0.52/turn              s - ring of protection from fire
MPRegen  0.11/turn              k - +3 ring of strength

@: no status effects
A: fangs 2, regeneration 1, magic shield, antimagic bite, no potion heal 3, rot
immunity
a: no special abilities


You were on level 4 of the Dungeon.
You were not hungry.

You visited 1 branch of the dungeon, and saw 4 of its levels.

You collected 179 gold pieces.

Inventory:

Hand Weapons
 a - a +2 dagger (weapon)
 c - a +0 falchion
 g - a +0 blowgun
 p - a +3 short sword
Missiles
 e - 14 poisoned needles
 f - 2 curare-tipped needles
 o - a tomahawk (quivered)
Armour
 d - a +0 cloak (worn)
 l - a +0 shield (worn)
 x - a +0 leather armour (worn)
Jewellery
 k - a +3 ring of strength (right hand)
 s - a ring of protection from fire (left hand)
Scrolls
 h - 2 scrolls of remove curse {unknown}
 n - a scroll of noise {unknown}
 r - 2 scrolls of enchant weapon {unknown}
 t - 3 scrolls of teleportation {unknown}
 u - 6 scrolls of magic mapping {unknown}
 y - a scroll of enchant armour {unknown}
Potions
 j - a potion of lignification
 v - 2 potions of curing {unknown}
Comestibles
 b - 5 rations


   Skills:
 + Level 3.8 Fighting
 + Level 3.8 Short Blades
 - Level 1.7 Throwing
 - Level 0.7 Dodging
 * Level 8.6 Stealth


You had 6 spell levels left.
You didn't know any spells.

Dungeon Overview and Level Annotations

Branches:
Dungeon (4/15)
 Temple: D:4-7

Altars:

Annotations:
D:4 Natasha


Innate Abilities, Weirdness & Mutations

You have extremely sharp teeth.
Your natural rate of healing is unusually fast.
When hurt, damage is shared between your health and your magic reserves.
Your bite disrupts and absorbs the magic of your enemies.
Potions cannot restore your health.
You are immune to rotting.


Message History

The orc priest is heavily wounded.
The orc priest hits you but does no damage.
The orc warrior hits you with a battleaxe!
Natasha, Servant of Life and Death comes into view.
Natasha moves out of view.
The orc priest calls down the wrath of Beogh upon you.
Beogh smites you!
* * * LOW HITPOINT WARNING * * *
A worm comes into view.
You hit the worm.
The worm is lightly wounded.
The orc wizard gestures wildly while chanting.
The orc wizard blinks!
The teleport trap disappears.
The orc wizard disappears!
You block the worm's attack.
You hit the worm.
The worm is moderately wounded.
The worm bites you!
* * * LOW HITPOINT WARNING * * *
The orc warrior hits you with a battleaxe!
You die...

# .# ###.# ### #@w.# #..
.# ##o### #.# #.#
##.o.## #.# ######.
#.###$....###.# ....##.#
#.##.......##.# # #.##.#
#.#.......)...# # #.##.#
#.#........##.#
###.##.###.#.#.....###.#
.......................#


You could see an orc warrior, a worm and an orc priest.

Vanquished Creatures
  2 ogres (D:4)
  3 orc priests
  An iguana (D:4)
  Natasha (twice) (D:4)
  2 worker ants (D:4)
  3 gnolls (D:3)
  6 adders
  2 oozes (D:2)
  An adder skeleton (D:4)
  2 dart slugs
  2 leopard geckos (D:4)
  8 orcs
  11 bats
  3 giant cockroaches
  8 goblins
  10 hobgoblins
  4 jackals (D:1)
  6 quokkas
  3 ball pythons
  4 frilled lizards
  7 kobolds
  A leopard gecko skeleton (D:4)
  8 rats
99 creatures vanquished.

Notes
Turn   | Place    | Note
-------+----------+-------------------------------------------
     0 | D:1      | Hekarica the Vine Stalker Assassin began the quest for the Orb.
     0 | D:1      | Reached XP level 1. HP: 11/11 MP: 2/2
    67 | D:1      | Reached skill level 5 in Stealth
   247 | D:1      | Reached XP level 2. HP: 15/15 MP: 3/3
   577 | D:1      | Reached XP level 3. HP: 15/18 MP: 2/4
  1444 | D:2      | Reached skill level 6 in Stealth
  1486 | D:2      | Gained mutation: Your natural rate of healing is unusually fast. [Vine Stalker growth]
  1486 | D:2      | Reached XP level 4. HP: 23/23 MP: 5/5
  2078 | D:3      | Reached XP level 5. HP: 20/27 MP: 4/6
  2445 | D:3      | Reached skill level 7 in Stealth
  2617 | D:4      | Noticed an orc warrior
  2656 | D:4      | Reached XP level 6. HP: 9/32 MP: 7/7
  2779 | D:4      | Noticed Natasha
  2794 | D:4      | Killed Natasha
  2886 | D:4      | Reached skill level 8 in Stealth
  2921 | D:4      | Reached XP level 7. HP: 36/36 MP: 8/8
  3123 | D:4      | Noticed Natasha
  3136 | D:4      | Killed Natasha
  3245 | D:4      | Noticed Natasha
  3249 | D:4      | Slain by an orc warrior

Skill      XL: |  1  2  3  4  5  6 |
---------------+-------------------+-----
Stealth        | 5 6 7 8 |  8.6
Fighting       | 2 3 |  3.8
Short Blades   | 2 3 |  3.8
Throwing       | |  1.7
Dodging        | |  0.7

Action                   |  1- 3 |  4- 6 |  7- 9 || total
-------------------------+-------+-------+-------++-------
Melee: Dagger            |   106 |   154 |    22 ||   282
       Bite              |    28 |    29 |     6 ||    63
       Unarmed           |       |     1 |       ||     1
 Fire: Blowgun           |    17 |    27 |     3 ||    47
Throw: Tomahawk          |     3 |     2 |       ||     5
  Use: Scroll            |     1 |     1 |     1 ||     3
       Potion            |       |     4 |     3 ||     7
 Stab: Sleeping          |    10 |    12 |     2 ||    24
  Eat: Ration            |     1 |     1 |     1 ||     3
Armor: Robe              |    26 |    18 |       ||    44
       Skin              |       |    21 |       ||    21
       Leather armour    |       |     5 |     1 ||     6
Dodge: Dodged            |    40 |    36 |     6 ||    82
Block: Shield            |    14 |    40 |     8 ||    62
